 Dungeon Crawl Stone Soup version 0.22-a0-609-gfedc9ff77b (webtiles) character file.

68 Kholdaimon the Caller (level 4, -1/25 HPs)
             Began as a Tengu Summoner on July 10, 2018.
             Slain by an ice beast (14 damage)
             ... on level 3 of the Dungeon.
             The game lasted 00:14:34 (2255 turns).

Kholdaimon the Caller (Tengu Summoner)              Turns: 2255, Time: 00:14:34

Health: -1/25      AC:  2    Str: 10    XL:     4   Next: 19%
Magic:  5/8        EV: 13    Int: 15    God:
Gold:   78         SH:  0    Dex: 14    Spells: 0/7 levels left

rFire    . . .     SeeInvis .   y - +0 trident
rCold    . . .     Gourm    .   (no shield)
rNeg     . . .     Faith    .   a - +0 robe
rPois    .         Spirit   .   (helmet restricted)
rElec    .         Reflect  .   (no cloak)
rCorr    .         Harm     .   (no gloves)
MR       .....                  (boots unavailable)
Stlth    ++........             (no amulet)
HPRegen  0.08/turn              (no ring)
MPRegen  0.11/turn              (no ring)

@: no status effects
A: beak, talons 3
a: no special abilities


You were on level 3 of the Dungeon.
You were not hungry.

You visited 1 branch of the dungeon, and saw 3 of its levels.

You collected 78 gold pieces.

Inventory:

Hand Weapons
 o - a +0 falchion
 y - a +0 trident (weapon)
Missiles
 e - 19 bolts
 h - 44 stones (quivered)
 k - 11 poisoned needles
 l - 2 poisoned javelins
 p - 70 sling bullets
 w - 2 tomahawks
Armour
 a - a +0 robe (worn)
 g - a +0 ring mail
 u - a +0 chain mail
 x - a +0 leather armour
 z - a +0 leather armour
Jewellery
 s - a +3 ring of protection {unknown}
Scrolls
 b - 2 scrolls of enchant armour {unknown}
 i - a scroll of fear {unknown}
 j - a scroll of magic mapping {unknown}
 r - a scroll of teleportation {unknown}
 v - a scroll of blinking {unknown}
Potions
 d - 2 potions of degeneration {unknown}
 m - a potion of lignification {unknown}
 n - a potion of berserk rage {unknown}
 q - a potion of resistance {unknown}
 t - a potion of curing {unknown}
Comestibles
 c - 9 rations
 f - 3 chunks of flesh


   Skills:
 + Level 1.1 Fighting
 + Level 2.9 Dodging
 - Level 2.1 Stealth
 + Level 2.4 Spellcasting
 * Level 5.6 Summonings
 * Level 0.2 Air Magic


You couldn't memorise any spells.
You knew the following spells:

 Your Spells              Type           Power        Failure   Level  Hunger
a - Summon Small Mammal   Summ           ###.         2%          1    #......
b - Call Imp              Summ           ###.....     3%          2    ###....
c - Summon Lightning Spi  Summ/Air       ##......     54%         4    #####..

Your spell library contained the following spells:

 Spells                   Type           Power        Failure   Level  Hunger
 Summon Ice Beast         Ice/Summ       ##......     54%         4    #####..
 Call Canine Familiar     Summ           ###.....     6%          3    ###....
 Summon Guardian Golem    Hex/Summ       ##......     21%         3    ###....


Dungeon Overview and Level Annotations

Branches:
Dungeon (3/15)

Altars:
Uskayaw
Vehumet


Innate Abilities, Weirdness & Mutations

You have a beak for a mouth.
You have claws for feet.


Message History

You reach to attack!
You closely miss the ice beast.
The ice beast is lightly wounded.
Your crimson imp closely misses the ice beast.
Your crimson imp hits the ice beast.
The ice beast hits you. The ice beast freezes you!
Your crimson imp barely misses the ice beast.
Your crimson imp hits the ice beast but does no damage.
Your crimson imp hits the ice beast but does no damage.
Your crimson imp blinks!
Your crimson imp barely misses the ice beast.
Your crimson imp disappears in a puff of smoke!
Your crimson imp hits the ice beast.
Casting: Call Imp (safe; 3% risk of failure)
Confirm with . or Enter, or press ? or * to list all spells.
A beastly little devil appears in a puff of flame.
Your crimson imp disappears in a puff of smoke!
Your crimson imp closely misses the ice beast.
The ice beast hits you. The ice beast freezes you!
Ouch! That really hurt!
You die...

##### #........# ..... .......##
#......#.# §§... ... ....#
#......... .._..
#.##.#.#####......# .
§..§.########..#.#.#..........# .
....§.......#..........#......##.
##..†......<........§..#......#..
..........[.##........##.........
##......))......@Y5§.............
#.....<.)..##...#...##.......#.#
#..........###..#...##..####....
#..........# ##.#...#...........
############ #.................
#.#...............
###....##..###...... #.....###.##
#.##### #.###.# #..###.#


You could see an ice beast and a friendly crimson imp.

Vanquished Creatures
  2 dart slugs
  2 leopard geckos (D:3)
  2 orcs (D:3)
  3 bats
  2 giant cockroaches
  3 goblins (D:2)
  A hobgoblin (D:2)
  A quokka (D:2)
  2 ball pythons
  2 frilled lizards (D:2)
  2 kobolds
  4 rats
26 creatures vanquished.

Vanquished Creatures (collateral kills)
  Terence (D:2)
  An ooze (D:1)
  A worm (D:3)
  A dart slug (D:2)
  A leopard gecko (D:2)
  4 orcs (D:3)
  A ball python (D:1)
  2 giant cockroaches
  4 goblins
  2 hobgoblins
  A kobold (D:1)
  A frilled lizard (D:2)
  A rat (D:1)
21 creatures vanquished.

Grand Total: 47 creatures vanquished

Notes
Turn   | Place    | Note
-------+----------+-------------------------------------------
     0 | D:1      | Kholdaimon the Tengu Summoner began the quest for the Orb.
     0 | D:1      | Reached XP level 1. HP: 10/10 MP: 4/4
   196 | D:1      | Reached XP level 2. HP: 15/15 MP: 3/6
   200 | D:1      | Learned a level 2 spell: Call Imp
   283 | D:1      | Reached skill level 5 in Summonings
  1114 | D:2      | Reached XP level 3. HP: 18/20 MP: 2/7
  1117 | D:2      | Found a hide-covered altar of Uskayaw.
  1750 | D:2      | Noticed Terence
  1767 | D:2      | Killed Terence
  1842 | D:3      | Found a radiant altar of Vehumet.
  1850 | D:3      | Reached skill level 1 in Fighting
  1879 | D:3      | Reached XP level 4. HP: 12/25 MP: 0/8
  2042 | D:3      | Learned a level 4 spell: Summon Lightning Spire
  2231 | D:3      | Noticed an ice beast
  2255 | D:3      | Slain by an ice beast

Vault maps used:
D:1:      erik_arrival_triangle_small
D:2:      old_standard_altar, first_ration, patterned_corridor, uniq_terence
D:3:      fiery_altar_vehumet, lemuel_angel_altar, uniq_crazy_yiuf_cottage

Skill      XL: |  1  2  3 |
---------------+----------+-----
Summonings     | 5 |  5.6
Fighting       | 1 |  1.1
Dodging        | |  2.9
Stealth        | |  2.1
Spellcasting   | |  2.4
Air Magic      | |  0.2

Action                   |  1- 3 |  4- 6 || total
-------------------------+-------+-------++-------
Melee: Whip              |    39 |       ||    39
       Kick              |     9 |     3 ||    12
       Peck              |     8 |     2 ||    10
       Falchion          |     9 |     2 ||    11
       Trident           |       |    18 ||    18
 Cast: Summon Small Mamm |    10 |       ||    10
       Call Imp          |    24 |     4 ||    28
 Stab: Distracted        |     2 |       ||     2
       Sleeping          |     5 |       ||     5
  Eat: Chunk             |     4 |     2 ||     6
Armor: Robe              |    11 |     4 ||    15
Dodge: Dodged            |    47 |    16 ||    63
       Rpst.: Falchion   |     1 |     1 ||     2

Table legend:
 A = Spawn XP
 B = Non-spawn XP
 C = Spawn XP percentage of total XP
 D = Spawn monster count
 E = Non-spawn monster count
 F = Spawn count percentage of total count
 G = Total turns spent on level
                    A         B        C        D         E        F      G
               +---------+---------+-------+---------+---------+-------+---------
         Total |       0 |      98 |   0.0 |       0 |      47 |   0.0 |  2255
               +---------+---------+-------+---------+---------+-------+---------
           D:1 |       0 |      20 |   0.0 |       0 |      12 |   0.0 |   688
           D:2 |       0 |      49 |   0.0 |       0 |      21 |   0.0 |  1154
           D:3 |       0 |      29 |   0.0 |       0 |      14 |   0.0 |   413
               +---------+---------+-------+---------+---------+-------+---------
